cohdb
Replays
Latest Replays
All Replays
Popular Replays
Top Player Replays
Match Explorer
How It Works
Community
CoH3 Stats
Reddit
Sign in to upload your games and track your stats! →
Sign in with Steam
Match 46580494
Unlisted
Match 46580494
Overview
Messages
Build Orders
End
Kradschützen Motorcycle Team
Selects Italian Combined Arms Battlegroup
Selects Bersaglieri Squad
Panzergrenadier Squad
Panzergrenadier Squad
Construct Light Support Kompanie
MG34 Team
Assault Grenadier Squad
Assault Mechanized Group
Fire Support Elements
Selects Semovente da 75/18 Assault Gun
Flakvierling Half-track
2.5-tonne Medical Truck
Pak 38 Anti-tank Gun Team
Construct Panzerarmee Kommand
Selects Strafing Run
Pak 38 Anti-tank Gun Team
Selects Artillery Cover
Armored Reserves
Artillery Cover
Assault Grenadier Squad
Assault Grenadier Squad
Selects Vehicle Support - Secure Location
Selects Vehicle Support - Force Recon
Artillery Cover
Tiger Heavy Tank
Vizantum
Sad Pepe
0
0
Comments
sign in to comment!
No comments posted yet!